 Dungeon Crawl Stone Soup version 0.23-a0-419-g0174fd8 (webtiles) character file.

170 ceedubz the Skirmisher (level 5, -1/45 HPs)
             Began as a Draconian Wanderer on Nov 11, 2018.
             Slain by Grinder (4 damage)
             ... while paralysed by Grinder
             ... on level 3 of the Dungeon.
             The game lasted 00:07:22 (3350 turns).

ceedubz the Skirmisher (Draconian Wanderer)         Turns: 3350, Time: 00:07:23

Health: -1/45      AC:  6    Str: 14    XL:     5   Next: 26%
Magic:  8/8        EV:  2    Int: 12    God:
Gold:   181        SH:  0    Dex: 12    Spells: 5/8 levels left

rFire    . . .     SeeInvis .   l - +0 hand axe
rCold    . . .     Gourm    .   (no shield)
rNeg     . . .     Faith    .   (armour unavailable)
rPois    .         Spirit   .   (helmet restricted)
rElec    .         Reflect  .   (no cloak)
rCorr    .         Harm     .   i - +0 pair of gloves
MR       .....                  (no boots)
Stlth    ++........             (no amulet)
HPRegen  0.15/turn              (no ring)
MPRegen  0.11/turn              (no ring)

@: paralysed
A: unfitting armour, cold-blooded, AC +5
a: no special abilities


You were on level 3 of the Dungeon.
You were not hungry.

You visited 1 branch of the dungeon, and saw 4 of its levels.

You collected 181 gold pieces.

Inventory:

Hand Weapons
 b - a +0 shortbow
 k - a +0 short sword
 l - a +0 hand axe (weapon)
Missiles
 a - a throwing net (quivered)
 c - 30 arrows
Armour
 i - a +0 pair of gloves (worn)
Jewellery
 j - a +2 ring of protection {unknown}
 p - an uncursed ring of stealth {unknown}
Scrolls
 d - a scroll of random uselessness {unknown}
 e - a scroll of remove curse {unknown}
 g - 2 scrolls of immolation {unknown}
 h - a scroll of amnesia {unknown}
 n - a scroll of identify {unknown}
 o - a scroll of fear {unknown}
Comestibles
 f - 6 rations


   Skills:
 + Level 3.2 Fighting
 - Level 0.7 Short Blades
 + Level 1.2 Axes
 - Level 3.1 Bows
 + Level 1.9 Stealth
 + Level 2.0 Spellcasting
 * Level 3.0 Hexes
   Level 1.0 Evocations


You had 5 spell levels left.
You knew the following spells:

 Your Spells              Type           Power        Failure   Level  Hunger
a - Corona                Hex            #......      8%          1    ##.....
b - Ensorcelled Hibernat  Hex/Ice        #.....       22%         2    ###....

Your spell library contained the following spells:

 Spells                   Type           Power        Failure   Level  Hunger
 Confuse                  Hex            #.......     24%         3    ####...
 Tukima's Dance           Hex            #.......     24%         3    ####...
 Dazzling Spray           Conj/Hex       #.....       41%         3    ####...


Dungeon Overview and Level Annotations

Branches:
Dungeon (4/15)
 Temple: D:4-7

Altars:

Annotations:
D:3 Grinder


Innate Abilities, Weirdness & Mutations

Your plain brown scales are hard. (AC +5)
You cannot fit into any form of body armour.
You are cold-blooded and may be slowed by cold attacks.


Message History

You barely miss Grinder. Grinder hits you.
You writhe in agony.
* * * LOW HITPOINT WARNING * * *
You hit Grinder. You tail-slap Grinder.
Grinder is lightly wounded.
Grinder hits you.
* * * LOW HITPOINT WARNING * * *
You writhe in agony.
* * * LOW HITPOINT WARNING * * *
You hit Grinder but do no damage.
Your tail-slap misses Grinder.
Grinder is lightly wounded.
Grinder hits you but does no damage.
You closely miss Grinder.
Grinder is lightly wounded.
Grinder hits you but does no damage. Grinder gestures at you.
You suddenly lose the ability to move!
Grinder barely misses you.
Grinder says, "Don't move a muscle."
Grinder hits you.
You die...

.##.......#................##....
.##.......#.................^....
####'#....#.............##.##....
......###........).........##....
......#.....#............. ##....
......#.....#.......#$.. #....
......#.....#.......# . #....
......###...#.......# #....
......# ########@#### #....
####'## #5# #.... #. #.# #....
#.# ##### #.# #.# #.# ..#


You could see Grinder.

Vanquished Creatures
  Ijyb (D:3)
  Natasha (thrice) (D:3)
  An adder (D:2)
  An ooze (D:1)
  2 worms (D:2)
  A dart slug (D:2)
  A leopard gecko (D:1)
  5 orcs (D:3)
  2 giant cockroaches
  4 goblins
  5 hobgoblins
  4 jackals (D:2)
  5 kobolds
  4 bats
  4 frilled lizards
  3 rats
46 creatures vanquished.

Notes
Turn   | Place    | Note
-------+----------+-------------------------------------------
     0 | D:1      | ceedubz the Draconian Wanderer began the quest for the Orb.
     0 | D:1      | ceedubz set off with the following items: a +0 shortbow, 25
                  | arrows, a potion of lignification, a ration; and the
                  | following spell memorised: Corona; and the following spells
                  | available to memorise: Ensorcelled Hibernation, Confuse,
                  | Tukima's Dance, Dazzling Spray
     0 | D:1      | Reached XP level 1. HP: 17/17 MP: 2/2
   558 | D:1      | Reached XP level 2. HP: 25/25 MP: 3/3
   907 | D:1      | Learned a level 2 spell: Ensorcelled Hibernation
  1217 | D:2      | Reached XP level 3. HP: 10/30 MP: 1/5
  2555 | D:3      | Reached XP level 4. HP: 37/37 MP: 6/6
  2577 | D:3      | Noticed Natasha
  2591 | D:3      | Killed Natasha
  2868 | D:3      | Noticed Ijyb
  2883 | D:3      | Noticed Natasha
  2904 | D:3      | Killed Natasha
  2904 | D:3      | Reached skill level 1 in Axes
  2933 | D:3      | Noticed Natasha
  2947 | D:3      | Killed Ijyb
  2947 | D:3      | Reached XP level 5. HP: 9/45 MP: 5/8
  2953 | D:3      | Killed Natasha
  3338 | D:3      | Noticed Grinder
  3346 | D:3      | HP: 2/45 [Grinder (4)]
  3348 | D:3      | Paralysed by Grinder for 4 turns
  3350 | D:3      | Slain by Grinder

Vault maps used:
D:1:      onia_arrival_mini_spirals, serial_forest, infiniplex_forest_lined_3,
          infiniplex_forest_straight_4, infiniplex_forest_end_3,
          infiniplex_forest_3_way, infiniplex_forest_clump_small,
          minmay_misc_feat_five, hangedman_decor_peaks_small, minmay_tripent
D:3:      first_ration, lemuel_tele_altar, uniq_ijyb, uniq_grinder, uniq_natasha
D:4:      gammafunk_ghost_split, saegor_snake_ambush

Skill      XL: |  1  2  3  4  5 |
---------------+----------------+-----
Bows           | 3 |  3.1
Hexes          | 2 3 |  3.0
Fighting       | 3 |  3.2
Axes           | 1 |  1.2
Spellcasting   | 2 |  2.0
Short Blades   | |  0.7
Stealth        | |  1.9
Evocations     | |  1.0

Action                   |  1- 3 |  4- 6 || total
-------------------------+-------+-------++-------
Melee: Short sword       |    43 |       ||    43
       Tailslap          |    17 |     8 ||    25
       Hand axe          |    62 |    62 ||   124
 Fire: Shortbow          |    64 |       ||    64
 Cast: Ensorcelled Hiber |     4 |     1 ||     5
  Use: Potion            |       |     4 ||     4
 Stab: Sleeping          |     3 |       ||     3
  Eat: Chunk             |     6 |       ||     6
       Ration            |       |     1 ||     1
Armor: Skin              |    50 |    66 ||   116
Dodge: Dodged            |    96 |    52 ||   148

Table legend:
 A = Non-vault XP
 B = Vault XP
 C = Vault XP percentage of total XP
 D = Non-vault monster count
 E = Vault monster count
 F = Vault count percentage of total count
                 A         B        C        D         E       F
            +---------+---------+-------+---------+---------+-------
      Total |     170 |      74 |  30.3 |      42 |       4 |   8.7
            +---------+---------+-------+---------+---------+-------
        D:1 |      27 |       3 |  10.0 |      13 |       2 |  13.3
        D:2 |      50 |       0 |   0.0 |      19 |       0 |   0.0
        D:3 |      93 |      71 |  43.3 |      10 |       2 |  16.7
            +---------+---------+-------+---------+---------+-------
